 Dungeon Crawl Stone Soup version 0.28.0-53-g5a82cb258f (webtiles) character file.

Game seed: 10780337645361954091

55154 issech the Severer (level 14, -8/132 HPs)
             Began as a Minotaur Monk on May 28, 2022.
             Was the Champion of Hepliaklqana.
             Blown up by a lich (23 damage)
             ... with a wavering orb of destruction
             ... on level 2 of the Abyss.
             The game lasted 01:33:03 (21033 turns).

issech the Severer (Minotaur Monk)                 Turns: 21033, Time: 01:33:03

Health: -8/132     AC: 29    Str: 17    XL:     14   Next: 37%
Magic:  4/4        EV:  7    Int:  7    God:    Hepliaklqana [******]
Gold:   1858       SH:  0    Dex: 23    Spells: 13/13 levels left

rFire   . . .      SeeInvis .   n - +9 broad axe "Itzeschuf" {antimagic, rPois rCorr Stlth+}
rCold   . . .      Faith    .   Z - +2 kite shield {AC+3}
rNeg    + . .      Spirit   .   c - +3 plate armour
rPois   +          Reflect  .   (helmet restricted)
rElec   +          Harm     .   C - +2 cloak
rCorr   +          Rampage  .   U - +0 pair of gloves
Will    +....                   a - +0 pair of boots
Stlth   ..........              O - amulet of Vitality {Regen+ HP+15}
HPRegen 1.12/turn               l - +6 ring of dexterity
MPRegen 0.09/turn               E - ring "Qiruyf" {Fly rElec rN+}

@: confused, flying, slowed, invisible, very slow
A: reduced essence, horns 2, retaliatory headbutt
a: Renounce Religion, Recall Ancestor, Ancestor Identity, Transference, Idealise


You were on level 2 of the Abyss.
You worshipped Hepliaklqana.
Hepliaklqana was exalted by your worship.
You visited 4 branches of the dungeon, and saw 18 of its levels.
You visited the Abyss 1 time.

You collected 1871 gold pieces.
You spent 13 gold pieces at shops.

Inventory:

Hand Weapons
 j - a +1 longbow of flaming
 k - a +0 hunting sling
 n - the +9 broad axe "Itzeschuf" (weapon) {antimagic, rPois rCorr Stlth+}
   (You acquired it on level 7 of the Dungeon)

   It reduces the magical energy of the wielder, and disrupts the spells and
   magical abilities of those it strikes.
   Natural abilities and divine invocations are not affected.
   rPois:     It protects you from poison.
   rCorr:     It protects you from acid and corrosion.
   Stlth:     It makes you more stealthy.
 w - a +5 dagger of protection
 x - a +5 rapier
 H - the +4 falchion of Fortitude {vorpal, rF+}
   (You found it on level 1 of the Elven Halls)

   It inflicts extra damage upon your enemies.
   rF:        It protects you from fire.
 Q - a +0 hand crossbow
Missiles
 g - 427 stones
 h - 475 arrows
 r - 88 bolts
 t - a boomerang of dispersal
 z - 15 boomerangs (quivered)
 A - 114 sling bullets
 P - 15 poisoned darts
 S - 4 throwing nets
Armour
 a - a +0 pair of boots (worn)
 c - a +3 plate armour (worn)
 B - the +0 robe of Ylyneop {Drain rElec Int+8 Archmagi}
   (You found it on level 14 of the Dungeon)

   Int:       It affects your intelligence (+8).
   rElec:     It insulates you from electricity.
   Drain:     It drains your maximum health when unequipped.
   Archmagi:  It increases the power of your magical spells.
 C - a +2 cloak (worn)
 U - a +0 pair of gloves (worn)
 X - a +0 tower shield
 Z - a +2 kite shield of protection (worn)
Jewellery
 l - a +6 ring of dexterity (left hand)
 D - an amulet of reflection
 E - the ring "Qiruyf" (right hand) {Fly rElec rN+}
   (You found it on level 12 of the Dungeon)

   [ring of positive energy]

   rElec:     It insulates you from electricity.
   rN:        It protects you from negative energy.
   Fly:       It grants you flight.
 L - an amulet of the acrobat
 O - the amulet of Vitality (around neck) {Regen+ HP+15}
   (You found it on level 13 of the Dungeon)

   [amulet of regeneration]

   HP:        It affects your health (+15).
   Regen:     It increases your rate of health regeneration.
Wands
 b - a wand of paralysis (9)
 e - a wand of acid (15)
 F - a wand of flame (46)
 I - a wand of polymorph (10)
 R - a wand of iceblast (10)
 V - a wand of mindburst (5)
Scrolls
 f - a scroll of holy word
 i - a scroll of magic mapping
 m - a scroll of brand weapon
 s - 3 scrolls of summoning
 u - 2 scrolls of enchant weapon
 G - 3 scrolls of amnesia
 K - 2 scrolls of fog
 M - 4 scrolls of teleportation
 Y - 2 scrolls of fear
Potions
 o - a potion of cancellation
 p - a potion of lignification {unknown}
 q - 4 potions of heal wounds {unknown}
 v - 2 potions of might {unknown}
 y - a potion of brilliance {unknown}
 J - 3 potions of curing {unknown}
 N - a potion of magic
 T - a potion of ambrosia {unknown}
Miscellaneous
 W - a box of beasts


   Skills:
 + Level 13.9 Fighting
 + Level 5.8 Long Blades
 + Level 17.1(17.9) Axes
 + Level 8.5(13.9) Maces & Flails
 + Level 3.3 Throwing
 + Level 14.3 Armour
 + Level 4.7 Dodging
 + Level 4.4 Stealth
 + Level 9.5 Shields


You had 13 spell levels left.
You didn't know any spells.
Your spell library contained the following spells:

 Spells                   Type           Power      Damage    Failure   Level
 Corpse Rot               Necr/Air       0%         N/A       100%        2
 Poisonous Vapours        Pois/Air       0%         N/A       100%        2
 Sublimation of Blood     Necr           0%         N/A       100%        2
 Hailstorm                Conj/Ice       0%         3d3       100%        4
 Ice Form                 Ice/Tmut       0%         N/A       100%        4
 Leda's Liquefaction      Hex/Erth       0%         N/A       100%        4
 Petrify                  Tmut/Erth      0%         N/A       100%        4
 Irradiate                Conj/Tmut      0%         3d13      100%        5
 Lee's Rapid Deconstruct  Erth           0%         3d5*      100%        5
 Metabolic Englaciation   Hex/Ice        0%         N/A       100%        5
 Simulacrum               Ice/Necr       0%         N/A       100%        6
 Statue Form              Tmut/Erth      0%         N/A       100%        6


Dungeon Overview and Level Annotations

Branches:
Dungeon (14/15)            Temple (1/1) D:6            Lair (0/6) D:8
    Orc (2/2) D:12            Elf (1/3) Orc:2        Vaults (0/5) D:13

Altars:
Ashenzari
Cheibriados
Dithmenos
Elyvilon
Fedhas
Gozag
Hepliaklqana
Kikubaaqudgha
Makhleb
Nemelex Xobeh
Okawaru
Qazlal
Ru
Sif Muna
Trog
Uskayaw
Vehumet
Wu Jian
Xom
Yredelemnul
Zin
The Shining One
Beogh
Jiyva

Shops:
D:1 [   D:7 *   D:11 *   D:12 *   Orc:2 (*([*:

Portals:
Trove: D:14 (give +2 shadow dragon scales)

Annotations:
Elf:1 Roxanne


Innate Abilities, Weirdness & Mutations

Your life essence is reduced to manifest your ancestor. (-10% HP)
You have a pair of horns on your head.
You reflexively headbutt those who attack you in melee.


Message History

The large abomination is almost destroyed.
Ingwe hits the large abomination with a +0 quarterstaff!
The large abomination is destroyed!
The lich gestures wildly while chanting.
The lich seems to speed up.
Ingwe casts a spell at the lich.
The stone arrow hits the lich!!
The lich completely misses Ingwe.
Ingwe hits the lich with a +0 quarterstaff.
A large abomination comes into view.
The lich gestures wildly while chanting.
The lich flickers and vanishes!
Deactivating autopickup; reactivate with Ctrl-A.
Something touches Ingwe!
Ingwe closely misses something.
Something touches Ingwe!
Ingwe points at thin air and mumbles some strange words.
The stone arrow hits something!!
Something touches Ingwe.
Ingwe is destroyed!
Something conjures a glowing orb.
The orb of destruction hits a stone wall.
You hear some strange, mumbled words.
A bolt of cold appears from out of thin air!
The bolt of cold hits you!!!!
Ouch! That really hurt!
* * * LOW HITPOINT WARNING * * *
You fade into invisibility!
You hear some strange, mumbled words.
A bolt of cold appears from out of thin air!
The bolt of cold hits you!!
* * * LOW HITPOINT WARNING * * *
You bump into the rock wall.
Something touches you but does no damage.
You hear some strange, mumbled words.
You feel yourself slow down.
Something conjures a glowing orb.
An orb of destruction comes into view.
You slash something!
The wavering orb of destruction hits you!!
You die...

.......≈#.....+
#.....##.....# #..
#.......#
##.##.......###+## #
##...#...............#
..#.....3............
.......X................
..#....{☼.........
....## ##...#@........
....#
##.##.............. #..
#............... #..
............. ...# .....
.######### #'## # .#..
.. . . ... .# # . .# # #
#


You could see a large abomination and a ynoxinul.

Vanquished Creatures
  Nessos (D:14)
  2 deep elf demonologists (Elf:1)
  Josephine (D:13)
  A great orb of eyes (D:12)
  Harold (D:8)
  A vault guard (D:14)
  4 hydras
  A boulder beetle (D:12)
  A two-headed ogre (D:9)
  4 dancing weapons (Elf:1)
  2 tengu warriors
  A deep elf knight (Elf:1)
  4 deep elf archers (Elf:1)
  4 deep elf zephyrmancers (Elf:1)
  3 orc knights
  2 orc sorcerers (Orc:2)
  5 deep elf pyromancers
  A worldbinder (Abyss:2)
  10 slime creatures
  5 cyclopes
  4 manticores
  Joseph (D:8)
  Maggie (D:7)
  A smoke demon (Abyss:2)
  A kobold demonologist (D:12)
  A freezing wraith (D:14)
  Psyche (D:10)
  3 trolls
  Grinder (D:4)
  A ynoxinul (Abyss:2)
  A shadow (D:13)
  An air elemental (Elf:1)
  3 wyverns
  5 wraiths
  14 yaks
  4 golden eyes (Abyss:2)
  6 vampire mosquitoes
  4 wargs
  5 water moccasins
  A hornet zombie (D:5)
  3 black bears
  18 orc warriors
  An ice beast (D:7)
  6 ogres
  A centaur (D:6)
  2 kobold brigands
  A wyvern zombie (D:8)
  5 bullfrogs
  5 killer bees (D:8)
  A wight (D:6)
  2 howler monkeys
  An electric eel (D:11)
  2 centaur zombies
  2 jellies
  14 orc priests
  A bullfrog skeleton (D:5)
  3 hounds
  A gnoll shaman (D:4)
  20 orc wizards
  An iguana (D:6)
  A hound zombie (D:5)
  A howler monkey zombie (D:8)
  Robin (D:2)
  6 gnolls
  3 adders (D:2)
  A shadow imp (D:7)
  A white imp (D:8)
  2 ufetubi (D:6)
  2 adder skeletons (D:4)
  2 worms
  2 dart slugs
  40 orcs
  4 ball pythons
  2 bat skeletons (D:2)
  6 endoplasms
  2 giant cockroaches (D:2)
  18 goblins
  8 hobgoblins
  2 jackals (D:2)
  4 quokkas
  A ball python skeleton (D:2)
  8 bats
  3 frilled lizards
  A giant cockroach zombie (D:2)
  A jackal skeleton (D:2)
  22 kobolds
  A quokka skeleton (D:2)
  6 rats
354 creatures vanquished.

Vanquished Creatures (collateral kills)
  Frances (D:14)
  3 hydras
  A vault guard (D:13)
  2 dancing weapons (Elf:1)
  The ghost of sanboga the Cleaver, a journeyman GrFi of Trog (D:10)
  3 centaur warriors (D:13)
  An orc high priest (Orc:2)
  A spatial maelstrom (Abyss:2)
  3 deep elf pyromancers
  2 orc sorcerers (Orc:2)
  The ghost of pkoi the Frost Mage, a novice DgIE (D:6)
  2 cyclopes
  2 ugly things
  2 gargoyles (D:13)
  An unseen horror (D:11)
  A troll (Orc:1)
  4 slime creatures (D:12)
  A small abomination (Abyss:2)
  A water elemental (Elf:1)
  2 wraiths
  5 yaks
  2 golden eyes (Abyss:2)
  A steam dragon (D:8)
  2 vampire mosquitoes
  2 spatial vortices (Abyss:2)
  A water moccasin (D:5)
  6 orc warriors
  A large abomination (Abyss:2)
  2 centaurs
  4 ogres
  An ogre (shapeshifter) (D:13)
  A phantom (D:5)
  A kobold brigand (D:8)
  3 bullfrogs
  A scorpion (D:4)
  A killer bee (D:8)
  3 wights (D:6)
  An electric eel (D:11)
  2 hounds
  7 orc priests
  9 orc wizards
  2 gnolls (D:4)
  3 adders
  2 shadow imps
  A worm (D:6)
  8 orcs
  A ball python (D:4)
  A giant cockroach (D:6)
  3 goblins
  2 hobgoblins (D:4)
  7 kobolds
121 creatures vanquished.

Vanquished Creatures (others)
  21 battlemagi
  5 plants (D:10)
  10 withered plants (D:2)
36 creatures vanquished.

Grand Total: 511 creatures vanquished

Notes
Turn   | Place    | Note
-------+----------+-------------------------------------------
     0 | D:1      | issech the Minotaur Monk began the quest for the Orb.
     0 | D:1      | Reached XP level 1. HP: 19/19 MP: 0/0
   145 | D:1      | Reached XP level 2. HP: 26/27 MP: 1/1
   214 | D:1      | Found Roaxinti's Armour Emporium.
   730 | D:2      | Reached skill level 4 in Axes
   773 | D:2      | Reached XP level 3. HP: 20/33 MP: 2/2
  1150 | D:2      | Reached skill level 1 in Long Blades
  1281 | D:2      | Noticed Robin
  1299 | D:2      | Reached skill level 1 in Armour
  1301 | D:2      | Reached XP level 4. HP: 41/41 MP: 3/3
  1318 | D:2      | Killed Robin
  2143 | D:2      | Found a faded altar of an unknown god.
  2438 | D:3      | Found a stormy altar of Qazlal.
  2548 | D:3      | Found a hazy altar of Hepliaklqana.
  2561 | D:3      | Became a worshipper of Hepliaklqana the Forgotten
  2561 | D:3      | Reached * piety under Hepliaklqana
  2561 | D:3      | Reached ** piety under Hepliaklqana
  2562 | D:3      | Remembered your ancestor Ingwe as a battlemage
  2619 | D:3      | Reached XP level 5. HP: 41/42 MP: 4/4
  2781 | D:3      | Found a hide-covered altar of Uskayaw.
  2781 | D:3      | Found a white marble altar of Elyvilon.
  2920 | D:4      | Noticed an ogre
  2924 | D:4      | Killed an ogre
  2925 | D:4      | Reached skill level 1 in Maces & Flails
  3163 | D:4      | Reached skill level 5 in Fighting
  3182 | D:4      | Noticed a water moccasin
  3190 | D:4      | Killed a water moccasin
  3191 | D:4      | Reached XP level 6. HP: 35/50 MP: 5/5
  3338 | D:4      | Reached XP level 7. HP: 53/54 MP: 6/6
  3479 | D:4      | Noticed Grinder
  3492 | D:4      | Killed Grinder
  3493 | D:4      | Reached skill level 5 in Maces & Flails
  3685 | D:4      | Reached skill level 5 in Armour
  4174 | D:5      | Entered Level 5 of the Dungeon
  4247 | D:5      | Reached XP level 8. HP: 28/63 MP: 7/7
  4823 | D:5      | Reached *** piety under Hepliaklqana
  5231 | D:6      | Found a staircase to the Ecumenical Temple.
  5358 | Temple   | Entered the Ecumenical Temple
  5605 | D:6      | Found a runed translucent door.
  5611 | D:6      | Noticed pkoi's ghost (novice DgIE)
  5910 | D:6      | Reached XP level 9. HP: 67/70 MP: 8/8
  6411 | D:6      | Found a runed translucent door.
  6562 | D:6      | Reached skill level 5 in Axes
  6572 | D:6      | Killed pkoi's ghost
  6573 | D:6      | Reached skill level 6 in Axes
  6573 | D:6      | Reached skill level 1 in Throwing
  6820 | D:7      | Identified a scroll of acquirement
  6822 | D:7      | Acquired the +9 broad axe "Itzeschuf" {antimagic, rPois
                  | rCorr Stlth+}
  6847 | D:7      | Found Cuinux's General Store.
  6864 | D:7      | Bought a potion of degeneration for 13 gold pieces
  7123 | D:7      | Noticed Maggie
  7134 | D:7      | Killed Maggie
  7135 | D:7      | Reached skill level 5 in Long Blades
  7135 | D:7      | Reached skill level 1 in Shields
  7701 | D:8      | Noticed Joseph
  7972 | D:8      | Noticed a cyclops
  7975 | D:8      | Reached XP level 10. HP: 81/81 MP: 3/9
  7978 | D:8      | Reached skill level 7 in Axes
  7980 | D:8      | Killed a cyclops
  8165 | D:8      | Killed Joseph
  8166 | D:8      | Reached skill level 8 in Axes
  8271 | D:8      | Identified the +1 chain mail of the Saviour {Str+3 Int+4}
  8418 | D:8      | Noticed Harold
  8433 | D:8      | Killed Harold
  8463 | D:8      | Reached skill level 9 in Axes
  8552 | D:8      | Found a staircase to the Lair.
  8616 | D:8      | Reached **** piety under Hepliaklqana
  9618 | D:9      | Noticed a two-headed ogre
  9629 | D:9      | Killed a two-headed ogre
  9852 | D:9      | Reached skill level 10 in Axes
  9902 | D:10     | Entered Level 10 of the Dungeon
  9908 | D:10     | Noticed Psyche
  9912 | D:10     | Killed Psyche
  9918 | D:10     | Reached XP level 11. HP: 61/89 MP: 3/10
 10221 | D:10     | Found a shimmering blue altar of Sif Muna.
 10230 | D:10     | Reached skill level 10 in Fighting
 10275 | D:10     | Found an ancient bone altar of Kikubaaqudgha.
 10276 | D:10     | Found a bloodstained altar of Trog.
 10387 | D:10     | Reached skill level 10 in Armour
 10577 | D:10     | Reached ***** piety under Hepliaklqana
 10667 | D:10     | Found a runed translucent gate.
 10667 | D:10     | Found a runed translucent gate.
 10667 | D:10     | Found a runed translucent gate.
 10667 | D:10     | Noticed an 11-headed hydra
 10668 | D:10     | Noticed sanboga's ghost (journeyman GrFi)
 10766 | D:10     | Found an ornate altar of the Wu Jian Council.
 10999 | D:11     | Reached skill level 11 in Axes
 11030 | D:11     | Noticed a red ugly thing
 11192 | D:11     | Killed a red ugly thing
 11874 | D:11     | Found Ivunyokerr's Island Escapes.
 12470 | D:12     | Found a staircase to the Orcish Mines.
 12692 | D:12     | Reached skill level 12 in Axes
 12864 | D:12     | Noticed a boulder beetle
 12890 | D:12     | Killed a boulder beetle
 13147 | D:12     | Found a viscous altar of Jiyva.
 13147 | D:12     | Noticed a great orb of eyes
 13237 | D:12     | Found a transporter.
 13239 | D:12     | Found a transporter.
 13358 | D:12     | Noticed a seven-headed hydra
 13358 | D:12     | Noticed an eight-headed hydra
 13835 | D:11     | Killed an 11-headed hydra
 14292 | D:12     | Killed a 13-headed hydra
 14293 | D:12     | Reached XP level 12. HP: 70/99 MP: 3/11
 14673 | D:13     | Noticed a seven-headed hydra
 14682 | D:13     | Killed an 11-headed hydra
 15042 | D:13     | Reached skill level 5 in Shields
 15068 | D:13     | Noticed an eight-headed hydra
 15069 | D:13     | Noticed a six-headed hydra
 15332 | D:13     | Killed a ten-headed hydra
 15445 | D:13     | Found the amulet of Vitality {Regen+ HP+15}
 15485 | D:13     | Noticed a centaur warrior
 15487 | D:13     | Noticed a centaur warrior
 15503 | D:13     | Killed a centaur warrior
 15504 | D:13     | Reached skill level 13 in Axes
 15507 | D:13     | Killed a centaur warrior
 15510 | D:13     | Noticed a vault guard
 15540 | D:13     | Killed a vault guard
 15713 | D:13     | Found a gate to the Vaults.
 15970 | D:13     | Killed a 12-headed hydra
 16037 | D:13     | Noticed a centaur warrior
 16044 | D:13     | Killed a centaur warrior
 16119 | D:13     | Reached skill level 14 in Axes
 16172 | D:13     | Noticed a seven-headed hydra
 16172 | D:13     | Noticed a tengu warrior
 16195 | D:12     | Killed a tengu warrior
 16247 | D:13     | Killed an 11-headed hydra
 16262 | D:13     | Noticed a tengu warrior
 16323 | D:13     | Killed a tengu warrior
 16368 | D:13     | Noticed Josephine
 16375 | D:13     | Killed Josephine
 16376 | D:13     | Reached XP level 13. HP: 106/106 MP: 4/12
 16607 | D:10     | Killed sanboga's ghost
 16989 | D:12     | Paralysed by a great orb of eyes for 2 turns
 17011 | D:12     | Identified the ring "Qiruyf" {Fly rElec rN+}
 17522 | D:14     | Identified the +0 robe of Ylyneop {Drain rElec Int+8
                  | Archmagi}
 17950 | D:14     | Found a portal to a secret trove of treasure.
 17966 | D:14     | Noticed Frances
 17978 | D:14     | Killed Frances
 17979 | D:14     | Reached skill level 15 in Axes
 18045 | D:14     | Noticed Nessos
 18082 | D:14     | Killed Nessos
 18662 | Orc:1    | Entered Level 1 of the Orcish Mines
 19303 | Orc:2    | Entered Level 2 of the Orcish Mines
 19588 | Orc:2    | Found a staircase to the Elven Halls.
 19650 | Orc:2    | Reached skill level 16 in Axes
 19686 | Orc:2    | Found Ovibbi Zaib's General Store.
 19689 | Orc:2    | Found Kituarr's Antique Weapon Shoppe.
 19695 | Orc:2    | Found Monihyf's Book Emporium.
 19695 | Orc:2    | Found Fain's Armour Shoppe.
 19911 | Orc:2    | Found Kiess's Assorted Antiques.
 19954 | Orc:2    | Reached ****** piety under Hepliaklqana
 19981 | Orc:2    | Found Woagir's Antique Weapon Shop.
 20180 | Elf:1    | Entered Level 1 of the Elven Halls
 20184 | Elf:1    | Paralysed by an air elemental for 1 turns
 20188 | Elf:1    | Paralysed by an air elemental for 1 turns
 20353 | Elf:1    | Reached XP level 14. HP: 116/116 MP: 4/13
 20383 | Elf:1    | Noticed Roxanne
 20493 | Elf:1    | Identified the +4 falchion of Fortitude {vorpal, rF+}
 20705 | Elf:1    | Reached skill level 17 in Axes
 20806 | Elf:1    | Cast into level 2 of the Abyss (a wizard)
 21017 | Abyss:2  | Noticed a lich
 21033 | Abyss:2  | Blown up by a lich

Illustrated notes

Levels and vault maps discovered:
D:1:      mrwooster_arrival_arrow, layout_basic, serial_shops,
          nicolae_shop_hallway_stairs
D:2:      layout_basic, serial_undead, serial_undead_c, serial_undead_b,
          serial_undead_b, serial_undead_c,
          hellmonk_ecumenical_altar_prayer_group,
          chequers_serial_rivers_large_a, uniq_robin
D:3:      layout_basic, nicolae_qazlal_scattered_showers,
          mainiacjoe_overflow_24_doors, gammafunk_temple_overflow_elements
D:4:      cheibrodos_barr_body, layout_basic, uniq_grinder
D:5:      layout_loops_ring, st_stairs_12, minmay_ogre_servants
D:6:      layout_rooms, minmay_temple_entry_sparse_star, ebering_ghost_sewer_f,
          grunt_decor_arrowhead
D:7:      layout_rooms, nicolae_stop_n_shop_1, uniq_maggie
D:8:      layout_layer_cave, lair_entry_dummy,
          minmay_fractal_squares_diagonal_5, uniq_joseph, uniq_harold
D:9:      layout_rooms, hangedman_decor_opposing
D:10:     layout_irregular_city, general_overflow_altar,
          mainiacjoe_overflow_divided_tiny, nzn_wu_jian_council_hall,
          gammafunk_ghost_hydra_chop, lemuel_flamethrower_1, uniq_psyche
D:11:     layout_basic, nicolae_island_escapes
D:12:     gammafunk_jiyva_shrine, layout_rooms, orc_0_dummy,
          kennysheep_generic_room_13
D:13:     layout_loops_ring, david_vaults_5, uniq_josephine
D:14:     layout_basic, enter_trove_5, uniq_frances, uniq_nessos
Temple:   eino_temple_lava
Orc:1:    layout_caves
Orc:2:    st_orc_mages, layout_diamond_mine, basic_altar, serial_shops, shop,
          nicolae_lakefront_shop
Elf:1:    nicolae_elf_arrival_aired_out, layout_onion_city, basic_altar,
          hangedman_elf_disciples, uniq_roxanne
Abyss:2:  base: Depths:1, evilmike_abyss_exit_6

Skill      XL: |  1  2  3  4  5  6  7  8  9 10 11 12 13 14 |
---------------+-------------------------------------------+-----
Fighting       | 4 5 6 8 9 11 12 13 | 13.9
Axes           | 4 6 10 12 14 16 17 | 17.1
Long Blades    | 1 3 4 5 |  5.8
Armour         | 1 3 5 7 8 9 11 13 14 | 14.3
Maces & Flails | 2 3 6 8 |  8.5
Dodging        | 4 |  4.7
Stealth        | 2 3 4 |  4.4
Throwing       | 1 2 3 |  3.3
Shields        | 2 3 4 6 9 |  9.5

Action                   |  1- 3 |  4- 6 |  7- 9 | 10-12 | 13-15 || total
-------------------------+-------+-------+-------+-------+-------++-------
Melee: Hand axe          |    14 |       |       |       |       ||    14
       Headbutt          |    14 |    17 |    38 |    73 |    74 ||   216
       Long sword        |    99 |    31 |    48 |       |       ||   178
       Punch             |     2 |     1 |       |       |       ||     3
       Dire flail        |       |    67 |   107 |       |       ||   174
       Battleaxe         |       |       |    35 |       |       ||    35
       Broad axe         |       |       |    20 |   300 |   355 ||   675
Throw: Stone             |       |     3 |     8 |       |       ||    11
       Boomerang         |       |       |       |    28 |     6 ||    34
Invok: Ancestor Life: Ba |       |     1 |       |       |       ||     1
       Recall Ancestor   |       |       |       |     1 |       ||     1
  Use: Scroll            |       |       |     8 |     6 |     9 ||    23
       Potion            |       |       |       |       |     2 ||     2
 Stab: Distracted        |       |       |     3 |     8 |     8 ||    19
       Invisible         |       |       |       |       |     2 ||     2
Armor: Plate armour      |   135 |    82 |   177 |   278 |   181 ||   853
       Robe              |     2 |       |       |       |       ||     2
Dodge: Dodged            |    44 |    29 |    75 |   120 |    87 ||   355
Block: Buckler           |       |       |    18 |    26 |       ||    44
       Kite shield       |       |       |       |   181 |   228 ||   409
       Reflection        |       |       |       |     1 |       ||     1
